 Dungeon Crawl Stone Soup version 0.27-a0-404-g4390dbc5be (webtiles) character file.

Game seed: 8524505513526657101

3896 CryoSword the Basher (level 10, -10/76 HPs)
             Began as a Gnoll Wanderer on Feb 22, 2021.
             Was a Follower of Ashenzari.
             Killed from afar by an electric eel (12 damage)
             ... with a bolt of electricity
             ... on level 8 of the Dungeon.
             The game lasted 00:25:22 (12973 turns).

CryoSword the Basher (Gnoll Wanderer)              Turns: 12973, Time: 00:25:22

Health: -10/76     AC: 16    Str: 12    XL:     10   Next: 20%
Magic:  17/17      EV:  7    Int: 12    God:    Ashenzari [*.....]
Gold:   379        SH: 19    Dex: 14    Spells: 17/19 levels left

rFire    . . .     SeeInvis .   a - +0 flail
rCold    . . .     Faith    .   m - +1 tower shield (curse)
rNeg     . . .     Spirit   .   d - +2 scale mail (curse)
rPois    .         Reflect  +   (no helmet)
rElec    .         Harm     .   l - +2 cloak (curse)
rCorr    .         Rampage  .   (no gloves)
Will     .....                  v - +2 pair of boots (curse)
Stlth    ++........             p - amulet of reflection (curse)
HPRegen  0.22/turn              (no ring)
MPRegen  0.15/turn              (no ring)

@: lethally poisoned (-10 -> -13)
A: distributed training, fangs 1, strong nose
a: Renounce Religion, Curse Item, Scrying


You were on level 8 of the Dungeon.
You worshipped Ashenzari.
Ashenzari was aware of your devotion.
You visited 2 branches of the dungeon, and saw 9 of its levels.
You also visited: Ossuary.

You collected 595 gold pieces.
You spent 216 gold pieces at shops.

Inventory:

Hand Weapons
 a - a +0 flail (weapon)
   (You took it off an orc on level 3 of the Dungeon)
 b - a +0 hunting sling
   (You found it on level 2 of the Dungeon)
Missiles
 e - 2 throwing nets
 f - 2 curare-tipped darts (quivered)
 h - 56 sling bullets
 o - 13 boomerangs
Armour
 d - a cursed +2 scale mail (worn)
 l - a cursed +2 cloak (worn)
   (You found it on level 1 of the Dungeon)
 m - a cursed +1 tower shield (worn)
   (You found it on level 1 of the Dungeon)
 v - a cursed +2 pair of boots (worn)
   (You found it on level 3 of the Dungeon)
Jewellery
 p - a cursed amulet of reflection (around neck)
   (You took it off an orc on level 3 of the Dungeon)
Scrolls
 g - 2 scrolls of amnesia
 i - 2 scrolls of fear
 q - a scroll of enchant weapon
 s - 3 scrolls of identify {@r1}
 t - 3 scrolls of blinking
 x - 4 scrolls of magic mapping
 y - 4 scrolls of teleportation {@r4}
Potions
 c - 9 potions of curing {@q1}
 k - 2 potions of brilliance
 n - 2 potions of flight
 r - 2 potions of lignification {!q}
 z - a potion of magic


   Skills:
 + Level 5.7 Fighting
 + Level 5.0 Short Blades
 + Level 5.0 Long Blades
 + Level 5.0 Axes
 + Level 8.3 Maces & Flails
 + Level 5.0 Polearms
 + Level 5.0 Staves
 + Level 5.0 Slings
 + Level 5.0 Bows
 + Level 5.0 Crossbows
 + Level 5.0 Throwing
 + Level 5.7 Armour
 + Level 5.0 Dodging
 + Level 5.0 Stealth
 + Level 5.7 Shields
 + Level 5.0 Unarmed Combat
 + Level 5.0 Spellcasting
 + Level 4.1 Conjurations
 + Level 4.1 Hexes
 + Level 4.1 Summonings
 + Level 4.1 Necromancy
 + Level 4.1 Translocations
 + Level 7.0 Transmutations
 + Level 4.1 Fire Magic
 + Level 4.1 Ice Magic
 + Level 4.1 Air Magic
 + Level 4.1 Earth Magic
 + Level 4.1 Poison Magic
 + Level 5.5 Invocations
 + Level 5.7 Evocations


You had 17 spell levels left.
You knew the following spells:

 Your Spells              Type           Power        Failure   Level
a - Wereblood             Tmut           19%          67%         2

Your spell library contained the following spells:

 Spells                   Type           Power        Failure   Level
 Beastly Appendage        Tmut           38%          52%         1
 Corona                   Hex            14%          89%         1
 Freeze                   Ice            52%          89%         1
 Corpse Rot               Necr/Air       N/A          96%         2
 Ensorcelled Hibernation  Hex/Ice        26%          96%         2
 Swiftness                Air            13%          96%         2
 Spider Form              Tmut/Pois      8%           97%         3
 Confusing Touch          Hex            13%          99%         3
 Dazzling Flash           Conj/Hex       26%          99%         3
 Frozen Ramparts          Ice            26%          99%         3
 Ozocubu's Armour         Ice            13%          99%         3
 Tukima's Dance           Hex            13%          99%         3
 Hailstorm                Conj/Ice       13%          100%        4
 Ice Form                 Ice/Tmut       16%          100%        4
 Summon Ice Beast         Ice/Summ       13%          100%        4
 Blade Hands              Tmut           9%           100%        5
 Bolt of Magma            Conj/Fire/Erth 6%           100%        5
 Iskenderun's Battlesphe  Conj           13%          100%        5
 Iron Shot                Conj/Erth      6%           100%        6
 Orb of Destruction       Conj           6%           100%        7
 Spellforged Servitor     Conj/Summ      6%           100%        7


Dungeon Overview and Level Annotations

Branches:
Dungeon (8/15)             Temple (1/1) D:7         Ossuary (visited)
   Lair: D:8-11

Altars:
Ashenzari
Cheibriados
Dithmenos
Fedhas
Gozag
Hepliaklqana
Kikubaaqudgha
Makhleb
Nemelex Xobeh
Okawaru
Qazlal
Ru
Sif Muna
Trog
Uskayaw
Vehumet
Wu Jian
Yredelemnul
Lugonu

Shops:
D:4 [   D:5 (   D:7 *

Annotations:
D:4 3 runed translucent doors, RamboRex's ghost, amateur GrFi; TimeIsEndless's ghost, amateur OpFi
D:7 2 transporters
D:8 1 exclusion


Innate Abilities, Weirdness & Mutations

Your experience applies equally to all skills.
You have very sharp teeth.
Your uncanny sense of smell can sniff out nearby items.


Message History

The killer bee stings you but does no damage.
The howler monkey hits you.
You miss the killer bee.
You feel sick. You block the killer bee's attack.
The killer bee stings you but does no damage.
You block the howler monkey's attack. The howler monkey barely misses you.
The killer bee stings you but does no damage.
You block the howler monkey's attack.
The howler monkey hits you but does no damage.
You hit the killer bee. You block the killer bee's attack.
The killer bee barely misses you.
The howler monkey hits you but does no damage.
The howler monkey barely misses you.
The killer bee stings you but does no damage.
You block the howler monkey's attack.
You barely miss the killer bee.
You feel sick. The killer bee stings you.
* * * LOW HITPOINT WARNING * * *
You block the howler monkey's attack. The killer bee stings you.
* * * LOW HITPOINT WARNING * * *
You are more poisoned.
The killer bee poisons you!
The howler monkey hoots and howls with incredible vigour!
The howler monkey barely misses you. You block the killer bee's attack.
You hear an angry buzzing noise.
You hit the killer bee but do no damage.
You feel sick. You block the killer bee's attack.
The howler monkey hits you but does no damage.
You block the howler monkey's attack. You block the killer bee's attack.
The howler monkey hits you but does no damage.
The howler monkey barely misses you.
You closely miss the killer bee. Your bite misses the killer bee.
You feel sick. You block the killer bee's attack.
The killer bee barely misses you.
You block the howler monkey's attack. x2
The killer bee stings you but does no damage.
The howler monkey hits you.
* * * LOW HITPOINT WARNING * * *
You miss the killer bee.
You feel sick. You block the killer bee's attack. The killer bee stings you.
* * * LOW HITPOINT WARNING * * *
You are more poisoned.
The killer bee poisons you! The howler monkey closely misses you.
The howler monkey hits you but does no damage.
You block the killer bee's attack.
The howler monkey hits you but does no damage. x2
Unknown command.
Unknown command.
You feel better.
The killer bee stings you but does no damage.
You block the howler monkey's attack.
The killer bee stings you but does no damage.
The howler monkey hits you.
* * * LOW HITPOINT WARNING * * *
You miss the killer bee.
The killer bee stings you but does no damage.
You block the killer bee's attack.
The howler monkey hoots and howls with incredible vigour!
You block the howler monkey's attack. You block the killer bee's attack.
The howler monkey hits you.
* * * LOW HITPOINT WARNING * * *
The killer bee buzzes angrily.
You sock the killer bee!
You kill the killer bee!
You block the howler monkey's attack.
The howler monkey hits you but does no damage.
You block the howler monkey's attack. You block the howler monkey's attack.
Things that are here:
a killer bee corpse; a killer bee corpse You block the howler monkey's attack.
The howler monkey hoots and howls with incredible vigour!
You thump the howler monkey! You block the howler monkey's attack.
You sock the howler monkey!
The howler monkey hoots and howls with incredible vigour! x2
The howler monkey hits you but does no damage.
You feel much better. You block the howler monkey's attack.
You closely miss the howler monkey. You block the howler monkey's attack.
The howler monkey hoots and howls with incredible vigour!
You block the howler monkey's attack.
You thump the howler monkey!
You kill the howler monkey!
You block the howler monkey's attack.
Your shield and cursed scale mail prevent you from hitting the howler monkey.
You block the howler monkey's attack.
The howler monkey hoots and howls with incredible vigour!
You hit the howler monkey.
You kill the howler monkey!
You block the killer bee's attack. x2
Your Transmutations skill increases to level 7!
You hit the killer bee but do no damage.
You block the killer bee's attack. The killer bee stings you!
The killer bee barely misses you.
You closely miss the killer bee.
The killer bee stings you but does no damage.
You block the killer bee's attack.
You miss the killer bee. You block the killer bee's attack.
The killer bee barely misses you.
The white imp sputters.
The killer bee stings you but does no damage.
You barely miss the killer bee. You block the killer bee's attack. x3
The electric eel shoots out a bolt of lightning at you!
The bolt of electricity hits you!
You hit the killer bee. You block the killer bee's attack.
The killer bee stings you.
You are poisoned.
The killer bee poisons you!
The electric eel shoots out a bolt of lightning at you!
The bolt of electricity misses you. You block the killer bee's attack.
You feel sick.
The electric eel shoots out a bolt of lightning at you!
The bolt of electricity hits you.
* * * LOW HITPOINT WARNING * * *
You block the killer bee's attack. The white imp spits at you.
You feel sick. You block the killer bee's attack. x2
You miss the killer bee. Your bite misses the killer bee.
You feel sick.
You block the killer bee's attack. x2; The killer bee stings you.
* * * LOW HITPOINT WARNING * * *
You block the killer bee's attack. You block the killer bee's attack.
You feel sick. The killer bee barely misses you.
The electric eel shoots out a bolt of lightning at you!
The bolt of electricity hits you!
* * * LOW HITPOINT WARNING * * *
The killer bee stings you.
* * * LOW HITPOINT WARNING * * *
You are more poisoned.
The killer bee poisons you!
The electric eel shoots out a bolt of lightning at you!
The bolt of electricity hits the white imp!
The bolt of electricity hits you!
* * * LOW HITPOINT WARNING * * *
You feel sick. You block the killer bee's attack.
The electric eel shoots out a bolt of lightning at you!
The bolt of electricity hits the white imp!
The white imp dies!
The bolt of electricity hits you.
* * * LOW HITPOINT WARNING * * *
The electric eel shoots out a bolt of lightning at you!
The bolt of electricity hits you.
* * * LOW HITPOINT WARNING * * *
You block the killer bee's attack.
* * * LOW HITPOINT WARNING * * *
You feel sick. The killer bee barely misses you.
* * * LOW HITPOINT WARNING * * *
You feel sick. You block the killer bee's attack.
* * * LOW HITPOINT WARNING * * *
You feel sick. You block the killer bee's attack.
The killer bee stings you but does no damage.
The electric eel shoots out a bolt of lightning at you!
The bolt of electricity hits you!
You die...

#..#.≈≈≈..
#....≈≈...
#....;..≈≈
##.#..;...≈≈≈≈
##.Z.#.≈.∩..≈≈;
#.ZY...≈....≈.≈
#......≈....≈≈≈
#..y...≈.≈≈.≈≈.
##†@.#.≈..≈?≈≈;#####
##.##.≈..≈≈≈≈......
#.# !≈.(≈≈≈≈..###.
#.# ≈;≈≈≈≈...# #.
#.# ≈≈≈≈≈≈..####.
#.# ≈≈≈≈≈≈.# #..<
#.# ≈≈.≈≈≈(###..<
#.# .....((......
#.# ##.#.#####...


You could see a yak, a killer bee, 2 electric eels, a bullfrog simulacrum and a
killer bee simulacrum.

Vanquished Creatures
  A two-headed ogre (D:7)
  A polar bear (D:8)
  Sigmund (D:5)
  A yak (D:7)
  Menkaure (D:4)
  Duvessa (D:4)
  A black bear (D:6)
  2 ice beasts
  2 ogres
  A wolf (D:8)
  A centaur (D:7)
  2 phantoms (D:7)
  An elf zombie (Ossuary)
  4 bullfrogs
  Dowan (D:4)
  3 scorpions
  A water moccasin skeleton (D:7)
  2 killer bees (D:8)
  An electric eel (D:8)
  3 howler monkeys (D:8)
  2 hounds
  3 orc priests
  2 human zombies (Ossuary)
  3 centaur skeletons
  Natasha (thrice) (D:4)
  An iguana (D:4)
  4 orc wizards
  5 worker ants
  A centaur simulacrum (D:8)
  2 hound zombies (D:7)
  4 mummies (Ossuary)
  A worker ant zombie (D:5)
  7 adders
  4 gnolls
  4 white imps
  2 ufetubi (D:7)
  An ooze (D:3)
  2 adder skeletons
  4 adder zombies
  5 worms (D:2)
  A dart slug (D:1)
  An adder simulacrum (D:8)
  4 leopard geckos
  10 orcs
  A ball python (D:3)
  9 bats
  7 giant cockroaches
  A gnoll zombie (Ossuary)
  4 goblins
  9 hobgoblins
  3 jackals
  3 quokkas
  5 frilled lizards
  A hobgoblin zombie (Ossuary)
  7 kobolds
  A kobold zombie (Ossuary)
  An orc zombie (Ossuary)
  A quokka skeleton (D:2)
  9 rats
  2 rat zombies (Ossuary)
171 creatures vanquished.

Vanquished Creatures (others)
  A white imp (D:8)
  6 toadstools (D:1)
  6 withered plants (D:4)
13 creatures vanquished.

Grand Total: 184 creatures vanquished

Notes
Turn   | Place    | Note
-------+----------+-------------------------------------------
     0 | D:1      | CryoSword the Gnoll Wanderer began the quest for the Orb.
     0 | D:1      | CryoSword set off with the following items: a +0 dagger, a
                  | potion of curing {@q1}, a +2 scale mail; and the following
                  | spells available to memorise: Corpse Rot, Swiftness
     0 | D:1      | Reached XP level 1. HP: 17/17 MP: 1/1
   707 | D:1      | Reached XP level 2. HP: 23/23 MP: 2/2
  1710 | D:2      | Reached XP level 3. HP: 26/28 MP: 3/3
  2078 | D:2      | Noticed a moth of wrath
  2080 | D:2      | Found a bloodstained altar of Trog.
  2112 | D:2      | Reached skill level 1 in Invocations
  2558 | D:2      | Reached skill level 1 in Short Blades
  2558 | D:2      | Reached skill level 1 in Long Blades
  2558 | D:2      | Reached skill level 1 in Axes
  2558 | D:2      | Reached skill level 1 in Polearms
  2558 | D:2      | Reached skill level 1 in Staves
  2558 | D:2      | Reached skill level 1 in Slings
  2558 | D:2      | Reached skill level 1 in Bows
  2558 | D:2      | Reached skill level 1 in Crossbows
  2558 | D:2      | Reached skill level 1 in Throwing
  2558 | D:2      | Reached skill level 1 in Dodging
  2558 | D:2      | Reached skill level 1 in Stealth
  2558 | D:2      | Reached skill level 1 in Unarmed Combat
  2558 | D:2      | Reached skill level 1 in Spellcasting
  2596 | D:2      | Reached XP level 4. HP: 32/34 MP: 5/5
  3160 | D:3      | Reached skill level 1 in Conjurations
  3160 | D:3      | Reached skill level 1 in Hexes
  3160 | D:3      | Reached skill level 1 in Summonings
  3160 | D:3      | Reached skill level 1 in Necromancy
  3160 | D:3      | Reached skill level 1 in Translocations
  3160 | D:3      | Reached skill level 1 in Fire Magic
  3160 | D:3      | Reached skill level 1 in Ice Magic
  3160 | D:3      | Reached skill level 1 in Air Magic
  3160 | D:3      | Reached skill level 1 in Earth Magic
  3160 | D:3      | Reached skill level 1 in Poison Magic
  4202 | D:4      | Reached XP level 5. HP: 40/40 MP: 6/6
  4208 | D:4      | Found a broken altar of Ashenzari.
  4240 | D:4      | Became a worshipper of Ashenzari the Shackled
  4251 | D:4      | Identified the +4 quarterstaff "Ocvaih" {antimagic, rElec
                  | rF++ Str-5 SInv}
  4364 | D:4      | Noticed Natasha
  4365 | D:4      | Noticed Duvessa
  4365 | D:4      | Noticed Dowan
  4365 | D:4      | Noticed Menkaure
  4443 | D:4      | Found Puxtuica's Antique Armour Boutique.
  4456 | D:4      | Learned a level 2 spell: Wereblood
  4462 | D:4      | Bought a runed scarf for 216 gold pieces
  4626 | D:4      | Reached XP level 6. HP: 41/47 MP: 8/8
  4734 | D:4      | Killed Menkaure
  4852 | D:4      | Killed Natasha
  4863 | D:4      | Killed Duvessa
  4864 | D:4      | Reached XP level 7. HP: 43/52 MP: 10/10
  4868 | D:4      | Killed Dowan
  4869 | D:4      | Reached skill level 7 in Maces & Flails
  4973 | D:4      | Found a runed translucent gate.
  4974 | D:4      | Found a runed translucent gate.
  4975 | D:4      | Found a runed translucent gate.
  4976 | D:4      | Noticed RamboRex's ghost (amateur GrFi)
  4977 | D:4      | Noticed TimeIsEndless's ghost (amateur OpFi)
  5013 | D:4      | Noticed Natasha
  5023 | D:4      | Killed Natasha
  5134 | D:4      | Noticed Natasha
  5148 | D:4      | Killed Natasha
  5285 | D:4      | Found a runed translucent gate.
  5285 | D:4      | Found a runed translucent gate.
  5285 | D:4      | Found a runed translucent gate.
  5344 | D:4      | Found a broken altar of Ashenzari.
  5540 | D:4      | Found Puxtuica's Antique Armour Boutique.
  5742 | D:5      | Entered Level 5 of the Dungeon
  5914 | D:5      | Found a sand-covered staircase.
  5919 | Ossuary  | Entered an ossuary
  6225 | Ossuary  | Reached XP level 8. HP: 24/60 MP: 12/12
  6667 | D:5      | Noticed Sigmund
  6849 | D:5      | Found Vuublubo's Antique Weapon Shoppe.
  6901 | D:5      | Found a hazy altar of Hepliaklqana.
  7195 | D:5      | Killed Sigmund
  7982 | D:7      | Reached * piety under Ashenzari
  8544 | D:7      | Found a staircase to the Ecumenical Temple.
  8557 | D:7      | Reached XP level 9. HP: 65/66 MP: 14/14
  8562 | Temple   | Entered the Ecumenical Temple
  9363 | D:7      | Found Gozag's Platinum Reserve.
  9364 | D:7      | Found an opulent altar of Gozag.
  9795 | D:7      | Found a transporter.
  9795 | D:7      | Found a corrupted altar of Lugonu.
  9796 | D:7      | Noticed a green ugly thing
  9797 | D:7      | Noticed a brown ugly thing
  9797 | D:7      | Noticed a purple ugly thing
  9798 | D:7      | Noticed a white ugly thing
  9959 | D:7      | Found a transporter.
 10108 | D:7      | Reached skill level 5 in Fighting
 10108 | D:7      | Reached skill level 5 in Armour
 10108 | D:7      | Reached skill level 5 in Shields
 10108 | D:7      | Reached skill level 5 in Evocations
 10273 | D:8      | Noticed a polar bear
 10478 | D:8      | Killed a polar bear
 10479 | D:8      | Reached skill level 8 in Maces & Flails
 10773 | D:8      | Reached skill level 5 in Invocations
 10876 | D:8      | Noticed a two-headed ogre
 12430 | D:7      | Killed a two-headed ogre
 12431 | D:7      | Reached XP level 10. HP: 30/76 MP: 15/17
 12896 | D:8      | Reached skill level 5 in Short Blades
 12896 | D:8      | Reached skill level 5 in Long Blades
 12896 | D:8      | Reached skill level 5 in Axes
 12896 | D:8      | Reached skill level 5 in Polearms
 12896 | D:8      | Reached skill level 5 in Staves
 12896 | D:8      | Reached skill level 5 in Slings
 12896 | D:8      | Reached skill level 5 in Bows
 12896 | D:8      | Reached skill level 5 in Crossbows
 12896 | D:8      | Reached skill level 5 in Throwing
 12896 | D:8      | Reached skill level 5 in Dodging
 12896 | D:8      | Reached skill level 5 in Stealth
 12896 | D:8      | Reached skill level 5 in Unarmed Combat
 12896 | D:8      | Reached skill level 5 in Spellcasting
 12971 | D:8      | HP: 3/76 [poisoned by a killer bee]
 12973 | D:8      | Killed from afar by an electric eel

Illustrated notes

Levels and vault maps discovered:
D:1:      nzn_arrival_depleted_hourglass, layout_loops_corners,
          kennysheep_small_spiral, minmay_gold_behind_fungi,
          amcnicky_mini_corridor_feature, minmay_pentomino_z2
D:2:      layout_basic, tgw_trog
D:3:      layout_basic
D:4:      layout_rooms, gammafunk_ghost_cemetery, roderic_batcave,
          minmay_shop_grid_forest, evilmike_ruin_ashenzari, uniq_duvessa,
          uniq_menkaure, uniq_natasha
D:5:      wad_pebble_path, layout_basic, marbit_many_paths, serial_shops,
          shop_statue, enter_ossuary_2, uniq_sigmund
D:6:      layout_cave_pools
D:7:      gammafunk_corrupted_shrine, layout_basic,
          minmay_temple_entry_statues_pillars, grunt_ministairs_2,
          nicolae_gozag_zags_fifth_avenue
D:8:      layout_loops_ring, serial_ice, serial_ice_j, serial_ice_c,
          serial_ice_g, serial_ice_o, serial_ice_f
Temple:   bh_familiar_temple

Skill      XL: |  1  2  3  4  5  6  7  8  9 10 |
---------------+-------------------------------+-----
Invocations    | 1 2 3 4 5 |  5.5
Short Blades   | 1 2 3 4 5 |  5.0
Long Blades    | 1 2 3 4 5 |  5.0
Axes           | 1 2 3 4 5 |  5.0
Polearms       | 1 2 3 4 5 |  5.0
Staves         | 1 2 3 4 5 |  5.0
Slings         | 1 2 3 4 5 |  5.0
Bows           | 1 2 3 4 5 |  5.0
Crossbows      | 1 2 3 4 5 |  5.0
Throwing       | 1 2 3 4 5 |  5.0
Dodging        | 1 2 3 4 5 |  5.0
Stealth        | 1 2 3 4 5 |  5.0
Unarmed Combat | 1 2 3 4 5 |  5.0
Spellcasting   | 1 2 3 4 5 |  5.0
Conjurations   | 1 2 3 4 |  4.1
Hexes          | 1 2 3 4 |  4.1
Summonings     | 1 2 3 4 |  4.1
Necromancy     | 1 2 3 4 |  4.1
Translocations | 1 2 3 4 |  4.1
Fire Magic     | 1 2 3 4 |  4.1
Ice Magic      | 1 2 3 4 |  4.1
Air Magic      | 1 2 3 4 |  4.1
Earth Magic    | 1 2 3 4 |  4.1
Poison Magic   | 1 2 3 4 |  4.1
Fighting       | 3 4 5 |  5.7
Armour         | 3 4 5 |  5.7
Shields        | 3 4 5 |  5.7
Evocations     | 3 4 5 |  5.7
Maces & Flails | 7 8 |  8.3
Transmutations | 6 7 |  7.0

Action                   |  1- 3 |  4- 6 |  7- 9 | 10-12 || total
-------------------------+-------+-------+-------+-------++-------
Melee: Dagger            |    14 |       |       |       ||    14
       Whip              |   174 |    86 |       |       ||   260
       Club              |     5 |       |       |       ||     5
       Bite              |    20 |    12 |    62 |     5 ||    99
       Flail             |       |    92 |   568 |    73 ||   733
       Unarmed           |       |     1 |       |       ||     1
 Fire: Hunting sling     |       |    13 |    67 |       ||    80
Throw: Dart              |     7 |     3 |    11 |       ||    21
Invok: Curse Item        |       |     1 |     4 |       ||     5
  Use: Scroll            |       |       |     4 |       ||     4
       Potion            |       |       |     2 |     2 ||     4
Armor: Scale mail        |   113 |   118 |   337 |    53 ||   621
Dodge: Dodged            |    42 |    38 |    89 |    30 ||   199
Block: Tower shield      |   103 |   194 |   688 |   135 ||  1120
       Reflection        |       |     2 |    10 |     1 ||    13

Table legend: (Time is in decaauts)
 A = Elapsed time spent in this place.
 B = Non-inter-level travel time spent in this place.
 C = Inter-level travel time spent in this place.
 D = Time resting spent in this place.
 E = Time spent auto-exploring this place.
 F = Levels seen in this place.
 G = Mean time per level.
                   A        B        C        D        E       F      G
               +--------+--------+--------+--------+--------+-----+--------+
         Total |  13421 |  12320 |   1101 |   3450 |   5741 |  10 | 1342.1 |
       Dungeon |  12501 |  11433 |   1068 |   3321 |   5493 |   8 | 1562.6 |
        Temple |    179 |    146 |     33 |      0 |    122 |   1 |  179.0 |
       Ossuary |    740 |    740 |      0 |    129 |    126 |   1 |  740.0 |
               +--------+--------+--------+--------+--------+-----+--------+

Top non-repeatable levels by time:
     D:7: 2724 daAuts
     D:1: 1865 daAuts
     D:8: 1802 daAuts
     D:4: 1718 daAuts
     D:2: 1285 daAuts
     D:3: 1160 daAuts
     D:6: 1069 daAuts
     D:5: 874 daAuts
 Ossuary: 740 daAuts
  Temple: 179 daAuts
